 Dungeon Crawl Stone Soup version 0.30-a0-142-g7370640ec8 (webtiles) character file.

Game seed: 17302057118556335953

33629 qw the Cleaver (level 13, -15/80 HPs)
             Began as a Gargoyle Fighter on Sept 26, 2022.
             Was an Elder of Okawaru.
             Killed from afar by an oklob plant (18 damage)
             ... with a splash of acid
             ... on level 4 of the Lair of Beasts.
             The game lasted 00:05:25 (12309 turns).

qw the Cleaver (Gargoyle Fighter)                  Turns: 12309, Time: 00:05:26

Health: -15/80     AC: 27    Str: 25      XL:     13   Next: 72%
Magic:  21/21      EV:  8    Int:  8 (9)  God:    Okawaru [****..]
Gold:   825        SH: 12    Dex:  6 (9)  Spells: 12/12 levels left

rFire   + . .      SeeInvis .    Y - +3 war axe
rCold   + . .      Faith    .    B - +0 kite shield
rNeg    + . .      Spirit   .    h - +2 plate armour
rPois   inf        Reflect  .    a - +1 helmet of Starshine {rF+}
rElec   +          Harm     .    q - +0 cloak
rCorr   .          Rampage  .    u - +2 pair of gloves
Will    .....                    x - +2 pair of boots
Stlth   ..........               (no amulet)
HPRegen 0.23/turn                i - ring of protection from cold
MPRegen 0.17/turn                b - +4 ring of protection

@: about to teleport, heroic, corroded
A: sickness immunity, AC +9, negative energy resistance 1, electricity
resistance, torment resistance 1, petrification resistance
a: Renounce Religion, Heroism, Finesse


You were on level 4 of the Lair of Beasts.
You worshipped Okawaru.
Okawaru was greatly pleased with you.
You visited 2 branches of the dungeon, and saw 14 of its levels.

You collected 825 gold pieces.


Innate Abilities, Weirdness & Mutations

You are immune to sickness and miasma.
Your stone body is resilient. (AC +9)
You are immune to poison.
You resist negative energy. (rN+)
You are resistant to electric shocks. (rElec)
You are resistant to unholy torment.
You are immune to petrification.


   Skills:
 + Level 9.5(14.5) Fighting
 - Level 12.0(17.0) Axes
 - Level 4.0(9.0) Throwing
 - Level 9.1(14.1) Armour
 - Level 1.0(6.0) Dodging
 - Level 10.6(15.6) Shields
 - Level 11.6 Invocations


You had 12 spell levels left.
You didn't know any spells.
Your spell library was empty.

Inventory:

Hand Weapons
 j - a +1 vorpal flail
 Y - a +3 war axe (weapon)
Missiles
 w - 8 boomerangs
 A - 7 javelins (quivered)
Armour
 a - the +1 helmet of Starshine (worn) {rF+}
   (You acquired it on level 3 of the Dungeon)

   rF:        It protects you from fire.
 h - a +2 plate armour (worn)
 q - a +0 cloak (worn)
 u - a +2 pair of gloves (worn)
 x - a +2 pair of boots (worn)
 B - a +0 kite shield (worn)
Jewellery
 b - a +4 ring of protection (right hand)
 i - a ring of protection from cold (left hand)
 s - a ring of protection from cold
Scrolls
 c - 5 scrolls of teleportation
 g - a scroll of identify
Potions
 d - 3 potions of might
 e - 3 potions of haste
 f - 2 potions of attraction
 m - 3 potions of mutation
 n - 2 potions of curing
 p - a potion of magic {unknown}
 r - a potion of flight {unknown}
 t - 2 potions of lignification
 z - a potion of resistance

Dungeon Overview and Level Annotations

Branches:
Dungeon (10/15)            Temple (0/1) D:4            Lair (4/5) D:9
 Shoals (0/4) Lair:3       Spider (0/4) Lair:3
  Slime: Lair:4-5       Orc: D:9-12

Altars:
Okawaru
Xom
Zin


Message History

You slice the oklob plant!!
You destroy the oklob plant!
Okawaru accepts your kill.
You hit the bush but do no damage. The oklob plant spits acid at you.
The splash of acid hits you but does no damage.
The oklob plant spits acid at you. The splash of acid misses you.
You hit the oklob plant but do no damage.
You hit the bush but do no damage. x2
You hit the oklob plant but do no damage.
The oklob plant spits acid at you. The splash of acid misses you.
The oklob plant spits acid at you.
The splash of acid hits you but does no damage.
The oklob plant spits acid at you.
The splash of acid hits you but does no damage.
You completely miss the oklob plant. You hit the bush but do no damage. x2
You hit the oklob plant but do no damage.
The oklob plant spits acid at you.
The splash of acid hits you but does no damage.
The acid corrodes you!
12307 ||| READING 6 scrolls of teleportation.
As you read the scroll of teleportation, it crumbles to dust.
You feel strangely unstable. The oklob plant spits acid at you.
The splash of acid hits you!! The oklob plant spits acid at you.
The splash of acid hits you!
12308 ||| DRINKING potion of heal wounds.
You feel much better. The oklob plant spits acid at you.
The splash of acid hits you! The oklob plant spits acid at you.
The splash of acid hits you! The acid corrodes you!
You hit the oklob plant but do no damage.
You hit the bush but do no damage. You hit the bush. You hit the oklob plant.
The oklob plant spits acid at you. The splash of acid hits you!!
You die...

#.......##########.#..
#......###.....#........
......%%%...............
........<...............
......%%%.....~~~~~.....
.............~~P~P~~....
...........)~~~P~~P~~...
.......>....~~~PPPP~~$..
.............~~P@~~~....
.#.....##.....~~~~~.....
#..... ##..............
.. ##............#
#####.#.###### ####. ##


You could see 5 oklob plants.

Vanquished Creatures
  A hydra (Lair:2)
  Erica (D:8)
  5 death yaks (Lair:2)
  An orb spider (Lair:3)
  An oklob plant (Lair:4)
  2 black mambas
  A torpor snail (Lair:4)
  6 cane toads
  5 komodo dragons
  A rime drake (Lair:4)
  A troll (D:9)
  5 blink frogs (Lair:4)
  3 dream sheep (Lair:4)
  A snapping turtle (Lair:3)
  Prince Ribbit (D:6)
  2 hornets
  A shadow (D:9)
  22 yaks
  4 wyverns
  2 steam dragons
  3 basilisks
  An acid dragon (D:7)
  9 water moccasins
  3 ice beasts
  A swamp drake (D:9)
  2 orc warriors
  A black bear (D:4)
  2 ogres
  9 wolves
  5 centaurs
  2 phantoms
  A kobold brigand (D:9)
  3 gnoll sergeants (D:9)
  A necrophage (D:5)
  9 bullfrogs
  4 scorpions
  13 killer bees
  An electric eel (Lair:3)
  9 hounds
  2 jellies
  6 orc priests
  5 iguanas
  9 orc wizards
  13 gnolls
  7 adders
  A shadow imp (D:6)
  3 white imps
  2 worms
  2 dart slugs
  46 orcs
  6 bats
  10 endoplasms
  5 giant cockroaches
  7 goblins
  9 hobgoblins
  4 jackals (D:1)
  3 quokkas
  8 ball pythons
  3 frilled lizards
  24 kobolds
  A rat (D:1)
321 creatures vanquished.

Vanquished Creatures (others)
  A kobold brigand (D:10)
  3 kobolds (D:10)
  6 fungi
  23 plants
33 creatures vanquished.

Grand Total: 354 creatures vanquished

Notes
Turn   | Place    | Note
-------+----------+-------------------------------------------
     0 | D:1      | qw the Gargoyle Fighter began the quest for the Orb.
     0 | D:1      | Reached XP level 1. HP: 14/14 MP: 1/1
     0 | D:1      | 0 ||| qw: Version: 0.2-a-10-g399e6c4
     0 | D:1      | 0 ||| qw: Game counter: 464
     0 | D:1      | 0 ||| qw: Always use a shield: true
     0 | D:1      | 0 ||| qw: God list: Okawaru
     0 | D:1      | 0 ||| qw: Allow faded altars: false
     0 | D:1      | 0 ||| qw: Do Orc after D:15 true
     0 | D:1      | 0 ||| qw: Do second Lair branch before Depths: true
     0 | D:1      | 0 ||| qw: Lair rune preference: random
     0 | D:1      | 0 ||| qw: Plans: Normal, Zot:1-4, God:TSO, Crypt, Tomb,
                  | Pan, Slime:5, Hells, Abyss, Orb
     0 | D:1      | 0 ||| PLANNING D:1-11
    32 | D:1      | Reached skill level 2 in Axes
    99 | D:1      | Reached XP level 2. HP: 19/19 MP: 2/2
   183 | D:1      | 183 ||| Stepping ~*~*~tactically~*~*~ (stealth).
   185 | D:1      | 185 ||| Stepping ~*~*~tactically~*~*~ (hiding).
   187 | D:1      | 187 ||| Stepping ~*~*~tactically~*~*~ (hiding).
   191 | D:1      | 191 ||| Stepping ~*~*~tactically~*~*~ (hiding).
   259 | D:1      | 259 ||| Stepping ~*~*~tactically~*~*~ (stealth).
   266 | D:1      | 266 ||| DROPPING +0 club.
   393 | D:1      | Reached skill level 3 in Axes
   459 | D:1      | Reached XP level 3. HP: 23/23 MP: 3/3
   526 | D:1      | 526 ||| Stepping ~*~*~tactically~*~*~ (stealth).
   646 | D:1      | 646 ||| Stepping ~*~*~tactically~*~*~ (stealth).
   785 | D:1      | 785 ||| READING scroll labelled WIWKAI FULOU.
   786 | D:1      | 786 ||| READING 3 scrolls labelled XYEWNE IVIRU.
   887 | D:1      | 887 ||| READING 2 scrolls labelled LAUSIM XYISA.
   888 | D:1      | 888 ||| READING scroll labelled DIYGARRYSTRU.
   889 | D:1      | 889 ||| READING scroll labelled FUIPPIERPHE.
   890 | D:1      | 890 ||| DROPPING 2 scrolls of silence.
   891 | D:1      | 891 ||| DROPPING scroll of poison.
   918 | D:2      | 918 ||| Stepping ~*~*~tactically~*~*~ (stealth).
   922 | D:2      | 922 ||| Stepping ~*~*~tactically~*~*~ (stealth).
   923 | D:2      | 923 ||| Stepping ~*~*~tactically~*~*~ (stealth).
   924 | D:2      | 924 ||| Stepping ~*~*~tactically~*~*~ (stealth).
   925 | D:2      | 925 ||| Stepping ~*~*~tactically~*~*~ (stealth).
   926 | D:2      | 926 ||| Stepping ~*~*~tactically~*~*~ (stealth).
   989 | D:2      | Found a faded altar of an unknown god.
  1093 | D:2      | 1093 ||| Stepping ~*~*~tactically~*~*~ (stealth).
  1094 | D:2      | 1094 ||| Stepping ~*~*~tactically~*~*~ (stealth).
  1447 | D:2      | 1447 ||| DROPPING orb of guile.
  1448 | D:2      | 1448 ||| UPGRADING to +0 plate armour.
  1458 | D:2      | 1458 ||| DROPPING +0 scale mail.
  1459 | D:2      | 1459 ||| READING scroll of enchant armour.
  1459 | D:2      | 1459 ||| ENCHANTING +0 plate armour.
  1460 | D:2      | 1460 ||| UPGRADING to ring of protection from cold.
  1461 | D:2      | 1461 ||| DRINKING 2 pink potions.
  1462 | D:2      | 1462 ||| DRINKING 2 sapphire potions.
  1529 | D:3      | Reached XP level 4. HP: 19/28 MP: 4/4
  1659 | D:3      | 1659 ||| Stepping ~*~*~tactically~*~*~ (stealth).
  1666 | D:3      | 1666 ||| Stepping ~*~*~tactically~*~*~ (hiding).
  1678 | D:3      | HP: 7/28 [gnoll/+0 halberd (3)]
  1679 | D:3      | Reached skill level 4 in Axes
  1679 | D:3      | 1679 ||| DRINKING potion of heal wounds.
  1689 | D:3      | HP: 6/28 [gnoll/+0 halberd (12)]
  1690 | D:3      | HP: 1/28 [gnoll/+0 halberd (5)]
  2164 | D:3      | 2164 ||| Stepping ~*~*~tactically~*~*~ (stealth).
  2789 | D:3      | 2789 ||| UPGRADING to +4 ring of protection.
  2790 | D:3      | 2790 ||| READING scroll labelled BEGE APNIYMEN.
  2790 | D:3      | Identified a scroll of acquirement
  2790 | D:3      | 2790 ||| ACQUIRING +1 helmet of Starshine {rF+}
  2790 | D:3      | Acquired the +1 helmet of Starshine {rF+}
  2792 | D:3      | 2792 ||| UPGRADING to +1 helmet of Starshine {rF+}.
  2814 | D:4      | Found a shimmering altar of Xom.
  2825 | D:4      | 2825 ||| Stepping ~*~*~tactically~*~*~ (stealth).
  2839 | D:4      | Reached XP level 5. HP: 32/32 MP: 5/5
  2847 | D:4      | 2847 ||| READING scroll of acquirement.
  2847 | D:4      | 2847 ||| ACQUIRING +2 buckler of Byrchydeg {Regen+}
  2847 | D:4      | Acquired the +2 buckler of Byrchydeg {Regen+}
  2849 | D:4      | 2849 ||| UPGRADING to +2 buckler of Byrchydeg {Regen+}.
  2859 | D:4      | 2859 ||| DROPPING +0 buckler.
  2881 | D:4      | 2881 ||| Stepping ~*~*~tactically~*~*~ (stealth).
  2882 | D:4      | Noticed a black bear
  2885 | D:4      | 2885 ||| Stepping ~*~*~tactically~*~*~ (stealth).
  2892 | D:4      | Killed a black bear
  2893 | D:4      | Reached skill level 5 in Axes
  2897 | D:4      | 2897 ||| Stepping ~*~*~tactically~*~*~ (stealth).
  2898 | D:4      | 2898 ||| Stepping ~*~*~tactically~*~*~ (stealth).
  2899 | D:4      | 2899 ||| Stepping ~*~*~tactically~*~*~ (stealth).
  2900 | D:4      | 2900 ||| Stepping ~*~*~tactically~*~*~ (stealth).
  2902 | D:4      | 2902 ||| Stepping ~*~*~tactically~*~*~ (stealth).
  2903 | D:4      | 2903 ||| Stepping ~*~*~tactically~*~*~ (stealth).
  2957 | D:4      | Reached XP level 6. HP: 37/37 MP: 6/6
  2997 | D:4      | Reached skill level 6 in Axes
  3034 | D:4      | 3034 ||| READING scroll of enchant armour.
  3034 | D:4      | 3034 ||| ENCHANTING +1 plate armour.
  3084 | D:4      | 3084 ||| Stepping ~*~*~tactically~*~*~ (stealth).
  3202 | D:4      | Reached XP level 7. HP: 43/43 MP: 7/7
  3264 | D:4      | Found an iron altar of Okawaru.
  3265 | D:4      | 3265 ||| PLANNING OKAWARU WORSHIP
  3265 | D:4      | 3265 ||| READING scroll labelled QUYXOJ YCINK.
  3269 | D:4      | 3269 ||| DRINKING 2 fizzy dark potions.
  3374 | D:4      | 3374 ||| READING 2 scrolls of identify.
  3374 | D:4      | 3374 ||| IDENTIFYING glowing purple potion
  3375 | D:4      | 3375 ||| DROPPING potion of berserk rage.
  3424 | D:4      | Became a worshipper of Warmaster Okawaru
  3425 | D:4      | 3425 ||| PLANNING D:1-11
  3459 | D:4      | Found a staircase to the Ecumenical Temple.
  3627 | D:5      | Entered Level 5 of the Dungeon
  3767 | D:5      | Reached skill level 7 in Axes
  4097 | D:5      | 4097 ||| Stepping ~*~*~tactically~*~*~ (stealth).
  4098 | D:5      | 4098 ||| Stepping ~*~*~tactically~*~*~ (stealth).
  4105 | D:5      | 4105 ||| Stepping ~*~*~tactically~*~*~ (stealth).
  4150 | D:5      | 4150 ||| Stepping ~*~*~tactically~*~*~ (stealth).
  4211 | D:5      | Reached * piety under Okawaru
  4212 | D:5      | Reached XP level 8. HP: 50/50 MP: 8/8
  4435 | D:5      | 4435 ||| UPGRADING to +0 cloak.
  4440 | D:5      | 4440 ||| READING scroll labelled FACZOU LOIFUOTT.
  4441 | D:5      | 4441 ||| READING scroll labelled TUHAGO BEUKI.
  4442 | D:5      | 4442 ||| READING 4 scrolls of identify.
  4442 | D:5      | 4442 ||| IDENTIFYING lumpy coppery potion
  4443 | D:5      | 4443 ||| READING 3 scrolls of identify.
  4443 | D:5      | 4443 ||| IDENTIFYING bubbling sapphire potion
  4444 | D:5      | 4444 ||| READING 2 scrolls of identify.
  4444 | D:5      | 4444 ||| IDENTIFYING black potion
  4445 | D:5      | 4445 ||| DROPPING potion of ambrosia.
  4525 | D:6      | Reached skill level 1 in Invocations
  4548 | D:6      | Reached skill level 1 in Dodging
  4810 | D:6      | 4810 ||| Stepping ~*~*~tactically~*~*~ (hiding).
  4811 | D:6      | 4811 ||| Stepping ~*~*~tactically~*~*~ (hiding).
  4812 | D:6      | 4812 ||| Stepping ~*~*~tactically~*~*~ (hiding).
  4850 | D:6      | 4850 ||| FLEEEEING.
  4851 | D:6      | 4851 ||| FLEEEEING.
  4852 | D:6      | 4852 ||| FLEEEEING.
  4853 | D:6      | 4853 ||| FLEEEEING.
  4854 | D:6      | 4854 ||| FLEEEEING.
  4855 | D:6      | 4855 ||| INVOKING Heroism.
  4863 | D:6      | Reached skill level 3 in Invocations
  4924 | D:6      | 4924 ||| Stepping ~*~*~tactically~*~*~ (stealth).
  4926 | D:6      | 4926 ||| INVOKING Heroism.
  5102 | D:6      | Noticed Prince Ribbit
  5103 | D:6      | 5103 ||| INVOKING Heroism.
  5112 | D:6      | Killed Prince Ribbit
  5113 | D:6      | Reached skill level 1 in Throwing
  5201 | D:6      | 5201 ||| INVOKING Heroism.
  5300 | D:6      | 5300 ||| UPGRADING to +0 pair of boots.
  5305 | D:6      | 5305 ||| DROPPING ring of wizardry.
  5306 | D:6      | 5306 ||| READING scroll labelled TUDOME BAMIH.
  5307 | D:6      | 5307 ||| DRINKING 2 viscous silvery potions.
  5308 | D:6      | 5308 ||| DRINKING 2 yellow potions.
  5309 | D:6      | 5309 ||| DROPPING potion of brilliance.
  5357 | D:7      | 5357 ||| STAIRDANCE
  5364 | D:7      | 5364 ||| STAIRDANCE
  5380 | D:7      | 5380 ||| STAIRDANCE
  5394 | D:7      | 5394 ||| STAIRDANCE
  5396 | D:6      | 5396 ||| INVOKING Heroism.
  5399 | D:6      | Reached XP level 9. HP: 54/54 MP: 9/12
  5422 | D:7      | 5422 ||| STAIRDANCE
  5430 | D:7      | 5430 ||| INVOKING Heroism.
  5431 | D:7      | 5431 ||| STAIRDANCE
  5447 | D:7      | 5447 ||| STAIRDANCE
  5451 | D:7      | 5451 ||| STAIRDANCE
  5453 | D:6      | 5453 ||| INVOKING Heroism.
  5459 | D:6      | Reached skill level 8 in Axes
  5463 | D:6      | Reached skill level 6 in Fighting
  5482 | D:7      | 5482 ||| INVOKING Heroism.
  5487 | D:7      | 5487 ||| STAIRDANCE
  5499 | D:7      | 5499 ||| STAIRDANCE
  5508 | D:7      | 5508 ||| STAIRDANCE
  5521 | D:6      | 5521 ||| DROPPING +0 whip of flaming.
  5525 | D:7      | 5525 ||| INVOKING Heroism.
  5545 | D:7      | 5545 ||| READING scroll of enchant armour.
  5545 | D:7      | 5545 ||| ENCHANTING +0 pair of boots.
  5583 | D:7      | 5583 ||| READING scroll of enchant weapon.
  5583 | D:7      | 5583 ||| ENCHANTING +1 war axe.
  5664 | D:7      | Reached ** piety under Okawaru
  5675 | D:7      | 5675 ||| FLEEEEING.
  5676 | D:7      | 5676 ||| FLEEEEING.
  5677 | D:7      | 5677 ||| FLEEEEING.
  5678 | D:7      | 5678 ||| FLEEEEING.
  5679 | D:7      | 5679 ||| FLEEEEING.
  5680 | D:7      | 5680 ||| FLEEEEING.
  5691 | D:7      | 5691 ||| FLEEEEING.
  5702 | D:7      | Reached skill level 9 in Axes
  5706 | D:7      | Noticed a hornet
  5714 | D:7      | Killed a hornet
  5867 | D:7      | You fall into a shaft and drop 3 floors!
  5867 | D:10     | Entered Level 10 of the Dungeon
  5874 | D:10     | 5874 ||| INVOKING Heroism.
  5879 | D:10     | 5879 ||| Stepping ~*~*~tactically~*~*~ (stealth).
  5891 | D:10     | Reached skill level 6 in Armour
  5926 | D:10     | 5926 ||| DROPPING +1 hat.
  5964 | D:8      | 5964 ||| Stepping ~*~*~tactically~*~*~ (stealth).
  5974 | D:8      | 5974 ||| INVOKING Heroism.
  6089 | D:8      | 6089 ||| Stepping ~*~*~tactically~*~*~ (stealth).
  6091 | D:8      | 6091 ||| Stepping ~*~*~tactically~*~*~ (stealth).
  6100 | D:8      | 6100 ||| Stepping ~*~*~tactically~*~*~ (stealth).
  6105 | D:8      | 6105 ||| Stepping ~*~*~tactically~*~*~ (hiding).
  6106 | D:8      | 6106 ||| Stepping ~*~*~tactically~*~*~ (hiding).
  6110 | D:8      | 6110 ||| INVOKING Heroism.
  6168 | D:8      | 6168 ||| DROPPING amulet of magic regeneration.
  6214 | D:7      | Reached XP level 10. HP: 62/63 MP: 13/13
  6568 | D:8      | Noticed Erica
  6569 | D:8      | 6569 ||| INVOKING Heroism.
  6574 | D:8      | Reached *** piety under Okawaru
  6588 | D:8      | 6588 ||| DRINKING 2 potions of curing.
  6588 | D:8      | 6588 ||| (to cure confusion)
  6597 | D:8      | 6597 ||| DRINKING potion of curing.
  6597 | D:8      | 6597 ||| (to cure confusion)
  6606 | D:8      | 6606 ||| INVOKING Heroism.
  6610 | D:8      | Killed Erica
  6611 | D:8      | Reached skill level 10 in Axes
  6643 | D:8      | 6643 ||| DROPPING +0 flail.
  6699 | D:8      | 6699 ||| Stepping ~*~*~tactically~*~*~ (hiding).
  6704 | D:8      | 6704 ||| INVOKING Heroism.
  6707 | D:8      | Received a gift from Okawaru
  6725 | D:8      | 6725 ||| READING scroll of enchant armour.
  6725 | D:8      | 6725 ||| ENCHANTING +1 pair of boots.
  7194 | D:9      | 7194 ||| INVOKING Heroism.
  7360 | D:9      | 7360 ||| INVOKING Heroism.
  7433 | D:9      | 7433 ||| INVOKING Heroism.
  7448 | D:9      | Reached skill level 3 in Throwing
  7452 | D:9      | 7452 ||| Stepping ~*~*~tactically~*~*~ (hiding).
  7475 | D:9      | 7475 ||| INVOKING Heroism.
  7480 | D:9      | Received a gift from Okawaru
  7496 | D:9      | 7496 ||| Stepping ~*~*~tactically~*~*~ (stealth).
  7499 | D:9      | 7499 ||| Stepping ~*~*~tactically~*~*~ (stealth).
  7501 | D:9      | 7501 ||| INVOKING Heroism.
  7532 | D:9      | 7532 ||| INVOKING Heroism.
  7660 | D:9      | 7660 ||| INVOKING Heroism.
  7713 | D:9      | 7713 ||| Stepping ~*~*~tactically~*~*~ (stealth).
  7715 | D:9      | 7715 ||| Stepping ~*~*~tactically~*~*~ (stealth).
  7717 | D:9      | 7717 ||| Stepping ~*~*~tactically~*~*~ (stealth).
  7721 | D:9      | 7721 ||| Stepping ~*~*~tactically~*~*~ (stealth).
  7722 | D:9      | 7722 ||| Stepping ~*~*~tactically~*~*~ (stealth).
  7723 | D:9      | 7723 ||| INVOKING Heroism.
  7727 | D:9      | Reached skill level 11 in Axes
  7743 | D:9      | Reached **** piety under Okawaru
  7744 | D:9      | Reached XP level 11. HP: 53/68 MP: 14/14
  7794 | D:9      | 7794 ||| INVOKING Heroism.
  7853 | D:9      | 7853 ||| INVOKING Heroism.
  7856 | D:9      | 7856 ||| Stepping ~*~*~tactically~*~*~ (stealth).
  7881 | D:9      | 7881 ||| INVOKING Heroism.
  7932 | D:9      | Reached skill level 6 in Invocations
  7943 | D:9      | Found a staircase to the Lair.
  8175 | D:9      | 8175 ||| Stepping ~*~*~tactically~*~*~ (stealth).
  8291 | D:9      | 8291 ||| Stepping ~*~*~tactically~*~*~ (stealth).
  8293 | D:9      | 8293 ||| Stepping ~*~*~tactically~*~*~ (stealth).
  8353 | D:9      | 8353 ||| READING scroll labelled HUDGHYF YTEMETZ.
  8354 | D:9      | 8354 ||| READING scroll labelled HADICO ZAETUE.
  8358 | D:9      | 8358 ||| Stepping ~*~*~tactically~*~*~ (hiding).
  8442 | D:9      | 8442 ||| Stepping ~*~*~tactically~*~*~ (stealth).
  8444 | D:9      | 8444 ||| INVOKING Heroism.
  8568 | D:9      | Found a glowing silver altar of Zin.
  8634 | D:9      | 8634 ||| Stepping ~*~*~tactically~*~*~ (stealth).
  8635 | D:9      | 8635 ||| Stepping ~*~*~tactically~*~*~ (stealth).
  8636 | D:9      | 8636 ||| Stepping ~*~*~tactically~*~*~ (stealth).
  8637 | D:9      | 8637 ||| Stepping ~*~*~tactically~*~*~ (stealth).
  8641 | D:9      | 8641 ||| Stepping ~*~*~tactically~*~*~ (stealth).
  8643 | D:9      | 8643 ||| Stepping ~*~*~tactically~*~*~ (stealth).
  8745 | D:9      | 8745 ||| PLANNING LAIR
  8745 | D:9      | 8745 ||| DROPPING scarf of shadows.
  8746 | D:9      | 8746 ||| UPGRADING to +2 pair of gloves.
  8751 | D:9      | 8751 ||| DRINKING 3 gluggy blue potions.
  8915 | Lair:1   | Entered Level 1 of the Lair of Beasts
  8934 | Lair:1   | 8934 ||| INVOKING Heroism.
  9084 | Lair:1   | Found a dark tunnel.
  9098 | Lair:1   | 9098 ||| INVOKING Heroism.
  9145 | Lair:1   | 9145 ||| INVOKING Heroism.
  9153 | Lair:1   | Reached skill level 9 in Fighting
  9310 | Lair:1   | 9310 ||| Stepping ~*~*~tactically~*~*~ (stealth).
  9312 | Lair:1   | 9312 ||| Stepping ~*~*~tactically~*~*~ (stealth).
  9313 | Lair:1   | 9313 ||| INVOKING Heroism.
  9335 | Lair:1   | Reached ***** piety under Okawaru
  9413 | Lair:1   | Received a gift from Okawaru
  9759 | Lair:2   | Noticed a four-headed hydra
  9760 | Lair:2   | 9760 ||| INVOKING Heroism.
  9763 | Lair:2   | 9763 ||| Stepping ~*~*~tactically~*~*~ (stealth).
  9764 | Lair:2   | 9764 ||| SWAPPING to +1 vorpal flail.
  9776 | Lair:2   | Killed a four-headed hydra
  9777 | Lair:2   | 9777 ||| SWAPPING to +2 war axe.
  9857 | Lair:2   | Noticed a death yak
  9857 | Lair:2   | Noticed a death yak
  9858 | Lair:2   | 9858 ||| INVOKING Heroism.
  9858 | Lair:2   | Noticed a death yak
  9859 | Lair:2   | 9859 ||| INVOKING Finesse.
  9859 | Lair:2   | Noticed a death yak
  9859 | Lair:2   | Noticed a death yak
  9860 | Lair:2   | 9860 ||| Stepping ~*~*~tactically~*~*~ (stealth).
  9870 | Lair:2   | Killed a death yak
  9871 | Lair:2   | Reached skill level 9 in Armour
  9873 | Lair:2   | 9873 ||| Stepping ~*~*~tactically~*~*~ (stealth).
  9874 | Lair:2   | 9874 ||| Stepping ~*~*~tactically~*~*~ (stealth).
  9875 | Lair:2   | 9875 ||| Stepping ~*~*~tactically~*~*~ (stealth).
  9884 | Lair:2   | 9884 ||| Stepping ~*~*~tactically~*~*~ (stealth).
  9885 | Lair:2   | Killed a death yak
  9895 | Lair:2   | Reached XP level 12. HP: 67/76 MP: 12/18
  9903 | Lair:2   | Killed a death yak
  9912 | Lair:2   | Reached skill level 9 in Invocations
  9915 | Lair:2   | Killed a death yak
  9915 | Lair:2   | Received a gift from Okawaru
  9948 | Lair:2   | 9948 ||| INVOKING Heroism.
  9949 | Lair:2   | 9949 ||| INVOKING Finesse.
  9962 | Lair:2   | Killed a death yak
 10072 | Lair:2   | 10072 ||| READING scroll of enchant weapon.
 10072 | Lair:2   | 10072 ||| ENCHANTING +2 war axe.
 10459 | Lair:2   | 10459 ||| DROPPING +0 chain mail of willpower.
 10460 | Lair:2   | 10460 ||| UPGRADING to +0 kite shield.
 10470 | Lair:2   | 10470 ||| DROPPING +2 buckler of Byrchydeg {Regen+}.
 10471 | Lair:2   | 10471 ||| READING 2 scrolls of identify.
 10471 | Lair:2   | 10471 ||| IDENTIFYING amethyst potion
 10472 | Lair:2   | 10472 ||| DRINKING potion of experience.
 10472 | Lair:2   | Reached XP level 13. HP: 80/80 MP: 19/21
 10517 | Lair:3   | 10517 ||| INVOKING Heroism.
 10520 | Lair:3   | 10520 ||| STAIRDANCE
 10583 | Lair:3   | 10583 ||| INVOKING Heroism.
 10772 | Lair:3   | Reached skill level 9 in Shields
 10991 | Lair:3   | 10991 ||| Stepping ~*~*~tactically~*~*~ (stealth).
 10993 | Lair:3   | 10993 ||| Stepping ~*~*~tactically~*~*~ (stealth).
 10997 | Lair:3   | 10997 ||| INVOKING Heroism.
 11158 | Lair:3   | Found a hole to the Spider Nest.
 11159 | Lair:3   | 11159 ||| INVOKING Finesse.
 11162 | Lair:3   | 11162 ||| DRINKING 3 metallic red potions.
 11163 | Lair:3   | 11163 ||| DROPPING 2 potions of degeneration.
 11164 | Lair:3   | 11164 ||| READING 8 scrolls of teleportation.
 11165 | Lair:3   | 11165 ||| Stepping randomly (stuck).
 11166 | Lair:3   | 11166 ||| Stepping randomly (stuck).
 11221 | Lair:3   | 11221 ||| INVOKING Finesse.
 11222 | Lair:3   | HP: 16/80 [disintegration (64)]
 11223 | Lair:3   | 11223 ||| FLEEEEING.
 11224 | Lair:3   | 11224 ||| FLEEEEING.
 11225 | Lair:3   | 11225 ||| FLEEEEING.
 11613 | Lair:3   | 11613 ||| INVOKING Finesse.
 11614 | Lair:3   | 11614 ||| READING 7 scrolls of teleportation.
 11615 | Lair:3   | 11615 ||| Stepping randomly (stuck).
 11616 | Lair:3   | 11616 ||| Stepping randomly (stuck).
 11617 | Lair:3   | 11617 ||| INVOKING Heroism.
 11793 | Lair:3   | Found a staircase to the Shoals.
 12032 | Lair:4   | 12032 ||| INVOKING Heroism.
 12044 | Lair:4   | Reached skill level 12 in Axes
 12277 | Lair:4   | 12277 ||| INVOKING Heroism.
 12307 | Lair:4   | 12307 ||| READING 6 scrolls of teleportation.
 12307 | Lair:4   | HP: 19/80 [oklob plant/splash of acid (21)]
 12307 | Lair:4   | HP: 7/80 [oklob plant/splash of acid (12)]
 12308 | Lair:4   | 12308 ||| DRINKING potion of heal wounds.
 12308 | Lair:4   | HP: 3/80 [oklob plant/splash of acid (15)]
 12309 | Lair:4   | Killed from afar by an oklob plant

Levels and vault maps discovered:
D:1:      scummos_arrival_hexagon, layout_loops_cross
D:2:      layout_basic, hellmonk_ecumenical_altar_lost_god
D:3:      layout_loops_corners
D:4:      minmay_chambers_of_threes, layout_basic, minitemple,
          minmay_temple_entry_mist
D:5:      layout_basic, nicolae_titane
D:6:      layout_cave_pods, uniq_prince_ribbit1
D:7:      layout_basic, moated_statue
D:8:      layout_basic, uniq_erica
D:9:      kennysheep_housing_project, layout_stronghold,
          lemuel_coloured_pillars_altar, erik_lair_dragon
D:10:     layout_roguey [special_room_orc], tso_altar, david_orc_3,
          nicolae_trove_entry_path_of_doom
Lair:1:   layout_chaotic_city, nicolae_volcano_entry_two_sided,
          grunt_megastairs_3
Lair:2:   layout_concentric_octagons, chequers_serial_rivers_small_b,
          grunt_megastairs_5
Lair:3:   layout_regular_city, minmay_shoals_entry_hut,
          nicolae_spider_entry_orb_guardian, chequers_serial_rivers_small_a,
          lemuel_fruit_tree
Lair:4:   layout_hall_layers, minmay_slime_entry_pillars, basic_altar,
          special_room [special_room_bee], dpeg_oklob_1

Skill      XL: |  1  2  3  4  5  6  7  8  9 10 11 12 13 |
---------------+----------------------------------------+-----
Axes           | 2 3 4 5 6 7 9 11 12 | 12.0
Fighting       | 4 5 7 8 9 |  9.5
Armour         | 4 5 6 7 9 |  9.1
Invocations    | 4 8 11 | 11.6
Dodging        | 1 |  1.0
Throwing       | 1 3 4 |  4.0
Shields        | 4 5 8 10 | 10.6

Action                   |  1- 3 |  4- 6 |  7- 9 | 10-12 | 13-15 || total
-------------------------+-------+-------+-------+-------+-------++-------
Melee: War axe           |   110 |   166 |   257 |   442 |   152 ||  1127
       Flail             |       |       |       |    12 |       ||    12
Throw: Boomerang         |       |       |    35 |    21 |       ||    56
       Javelin           |       |       |       |    40 |    19 ||    59
Invok: Heroism           |       |       |    12 |    22 |     6 ||    40
       Finesse           |       |       |       |     2 |     3 ||     5
  Use: Scroll            |     6 |     3 |    10 |     5 |     3 ||    27
       Potion            |     2 |     1 |     3 |     4 |     2 ||    12
Armor: Scale mail        |    51 |       |       |       |       ||    51
       Plate armour      |     2 |   104 |   198 |   266 |   124 ||   694
Dodge: Dodged            |    57 |    54 |    94 |   116 |    48 ||   369
Block: Buckler           |    16 |    41 |    96 |   140 |       ||   293
       Kite shield       |       |       |       |       |    96 ||    96

Table legend:
 A = Non-vault XP
 B = Vault XP
 C = Vault XP percentage of total XP
 D = Non-vault monster count
 E = Vault monster count
 F = Vault count percentage of total count
                 A         B        C        D         E       F
            +---------+---------+-------+---------+---------+-------
      Total |   25083 |    6538 |  20.7 |     265 |      57 |  17.7
            +---------+---------+-------+---------+---------+-------
        D:1 |      47 |       0 |   0.0 |      26 |       0 |   0.0
        D:2 |      33 |       0 |   0.0 |      18 |       0 |   0.0
        D:3 |      80 |       0 |   0.0 |      18 |       0 |   0.0
        D:4 |     234 |     268 |  53.4 |      18 |      12 |  40.0
        D:5 |     596 |       0 |   0.0 |      12 |       0 |   0.0
        D:6 |    1157 |     268 |  18.8 |      32 |       1 |   3.0
        D:7 |    1114 |       0 |   0.0 |      15 |       0 |   0.0
        D:8 |    1148 |     852 |  42.6 |      24 |       1 |   4.0
        D:9 |    3962 |    2359 |  37.3 |      32 |      36 |  52.9
       D:10 |     264 |       0 |   0.0 |      10 |       0 |   0.0
     Lair:1 |    2483 |     385 |  13.4 |      12 |       3 |  20.0
     Lair:2 |    6934 |     861 |  11.0 |      16 |       1 |   5.9
     Lair:3 |    3163 |     995 |  23.9 |      19 |       2 |   9.5
     Lair:4 |    3868 |     550 |  12.4 |      13 |       1 |   7.1
            +---------+---------+-------+---------+---------+-------
